Map: Frostline LE

Players

Syab

  • Race: Protoss Protoss
  • League: Master
  • Spawn Location: 7:00

wootwoot - Winner!

  • Race: Zerg Zerg
  • League: Gold
  • Spawn Location: 1:00

VOD

Have the link to the VOD?

Description

Time

  • Played on: April 21, 2025, 1:05 p.m.
  • Length: 1:44
Show
View Real Time Build Order
Export as new Build Order

Syab Protoss 

Build Orders:  

Get SALT Encoding   

  12  0:09  Pylon  
  12  0:26  Probe  
  12  0:27  Forge  
  12  0:34  Probe  
  14  0:55  Probe  
  15  1:06  Pylon  
  15  1:07  Probe  
  16  1:14  Photon Cannon  
  16  1:19  Probe  
  15  1:29  Photon Cannon  
  15  1:31  Probe  
Show
View Real Time Build Order
Export as new Build Order

wootwoot Zerg - Winner!

Build Orders:  

Get SALT Encoding   

  12  0:00  Drone  
  13  0:08  Drone  
  14  0:15  Extractor  
  14  0:16  Drone  
  14  0:21  Extractor  
  13  0:22  Drone  
  16  0:31  Overlord  
  16  0:49  Drone x2  
Tags
 
Matchup
PvZ
Replay Pack
#1B2M-Replays
Spawn Locations
Cross Positions
Add a new tag
Caveats
  • Supply blocks, unpowered buildings, or Contaminate may cause inaccurate times.
  • Supply counts are checked every 10 seconds.